 Dungeon Crawl Stone Soup version 0.23.2 (webtiles) character file.

Game seed: 1732063979740427561

352 Borgoz the Covered (level 6, -1/38 HPs)
             Began as a Gargoyle Fighter on Apr 9, 2019.
             Was an Initiate of Ashenzari.
             Killed by nerve-wracking pain
             ... invoked by an orc priest
              (5 damage)
             ... on level 4 of the Dungeon.
             The game lasted 00:03:31 (2784 turns).

Borgoz the Covered (Gargoyle Fighter)               Turns: 2784, Time: 00:03:32

Health: -1/38      AC: 12    Str: 24 (25) XL:     6   Next: 62%
Magic:  6/6        EV: 11    Int:  5 (8)  God:    Ashenzari [......]
Gold:   216        SH:  0    Dex:  8 (11) Spells: 5/5 levels left

rFire    + . .     SeeInvis .   w - +0 dagger (venom)
rCold    . . .     Gourm    .   (no shield)
rNeg     + . .     Faith    .   b - +0 scale mail
rPois    ∞         Spirit   .   (no helmet)
rElec    +         Reflect  .   (no cloak)
rCorr    .         Harm     .   (no gloves)
MR       .....                  n - +0 pair of boots
Stlth    ..........             (no amulet)
HPRegen  0.12/turn              p - ring of protection from fire
MPRegen  0.10/turn              s - ring of attention (curse)

@: mighty
A: negative energy resistance 1, electricity resistance, unbreathing,
petrification resistance, rot immunity, AC +4
a: Curse Item, Renounce Religion


You were on level 4 of the Dungeon.
You worshipped Ashenzari.
Ashenzari was noncommittal.
You were not hungry.

You visited 1 branch of the dungeon, and saw 4 of its levels.

You collected 216 gold pieces.

Inventory:

Hand Weapons
 a - a +0 rapier
 w - a +0 dagger of venom (weapon)
Armour
 b - a +0 scale mail (worn)
 c - a +0 shield
 n - a +0 pair of boots (worn)
Jewellery
 p - a ring of protection from fire (left hand)
 s - a cursed ring of attention (right hand)
 x - a +4 ring of evasion
Wands
 o - a wand of digging (3)
Scrolls
 e - 2 scrolls of fog {unknown}
 g - a scroll of fear {unknown}
 i - 2 scrolls of teleportation {unknown}
 j - 2 scrolls of remove curse
 k - 2 scrolls of enchant armour {unknown}
 l - 2 scrolls of blinking
 q - a scroll of amnesia {unknown}
 u - a scroll of immolation {unknown}
 v - 2 scrolls of identify
 y - a scroll of magic mapping {unknown}
Potions
 h - a potion of mutation
 m - 3 potions of haste
 t - a potion of magic
Comestibles
 f - 3 rations


   Skills:
 + Level 4.1 Fighting
 * Level 3.6 Short Blades
 + Level 4.2 Armour
 * Level 2.5 Dodging
 + Level 2.8 Stealth
 - Level 3.2 Shields


You had 5 spell levels left.
You didn't know any spells.
Your spell library contained the following spells:

 Spells                   Type           Power        Failure   Level  Hunger
 Animate Skeleton         Necr           N/A          77%         1    ##.....
 Apportation              Tloc           #.....       77%         1    ##.....
 Confusing Touch          Hex            #.....       77%         1    ##.....
 Summon Small Mammal      Summ           #...         77%         1    ##.....


Dungeon Overview and Level Annotations

Branches:
Dungeon (4/15)             Temple (0/1) D:4

Altars:
Ashenzari
Gozag
Hepliaklqana
Qazlal
Sif Muna
Yredelemnul

Annotations:
D:4 Dowan


Innate Abilities, Weirdness & Mutations

You are resistant to torment.
Your stone body is resilient. (AC +4)
You are immune to poison.
You resist negative energy. (rN+)
You are resistant to electric shocks. (rElec)
You can survive without breathing.
You are immune to petrification.
You are immune to rotting.


Message History

You kill Duvessa!
You hear a distant wail of despair.
You feel your strength returning.
Your Fighting skill increases to level 4!
You closely miss the orc.
Dowan seems to find hidden reserves of power!
Dowan gestures wildly while chanting.
Dowan blinks!
You hit the orc.
The orc is heavily wounded.
The orc hits you but does no damage.
Okay, then.
You closely miss the orc.
The orc is heavily wounded.
The orc barely misses you.
You hit the orc.
You kill the orc!
The orc priest invokes the aid of Beogh against you.
Pain shoots through your body!
You die...

...........#........#..##.##
...........#........#.....##
#......................####
#.........#...........####.
#.).......#................
#....>....#........#.......
##.......##.####...........
######...§.###.# #.........##
#........#oo)@.# #.........#
#..........##### #.........##
#........##########..#####....
#........##.........## #####
#.....†.....######### #
#........#### #.......<#
#........# ##########


You could see an orc priest and an orc.

Vanquished Creatures
  Duvessa (D:4)
  2 orc wizards (D:4)
  An iguana (D:4)
  A worker ant (D:3)
  4 adders
  An ooze (D:1)
  2 worms (D:2)
  5 dart slugs
  A leopard gecko (D:2)
  6 orcs
  14 bats
  4 giant cockroaches
  7 goblins
  8 hobgoblins
  7 jackals
  8 kobolds
  3 quokkas
  A ball python (D:1)
  3 frilled lizards
  6 rats
85 creatures vanquished.

Notes
Turn   | Place    | Note
-------+----------+-------------------------------------------
     0 | D:1      | Borgoz the Gargoyle Fighter began the quest for the Orb.
     0 | D:1      | Reached XP level 1. HP: 14/14 MP: 1/1
    28 | D:1      | Reached XP level 2. HP: 16/19 MP: 2/2
   116 | D:1      | Reached skill level 1 in Stealth
   229 | D:1      | Reached XP level 3. HP: 14/23 MP: 3/3
   304 | D:1      | Reached skill level 1 in Dodging
   726 | D:2      | Found a faded altar of an unknown god.
   849 | D:2      | Reached XP level 4. HP: 27/28 MP: 4/4
  1372 | D:3      | Found a hazy altar of Hepliaklqana.
  1473 | D:3      | Noticed a fire elemental
  1474 | D:3      | Found a stormy altar of Qazlal.
  1475 | D:3      | Noticed an earth elemental
  1475 | D:3      | Noticed a water elemental
  1475 | D:3      | Noticed an air elemental
  1683 | D:3      | Found a shattered altar of Ashenzari.
  1787 | D:3      | Reached XP level 5. HP: 31/33 MP: 5/5
  1805 | D:3      | Became a worshipper of Ashenzari the Shackled
  2148 | D:3      | Found a basalt altar of Yredelemnul.
  2437 | D:4      | Found an opulent altar of Gozag.
  2493 | D:4      | Found a deep blue altar of Sif Muna.
  2674 | D:4      | Found a staircase to the Ecumenical Temple.
  2749 | D:4      | Noticed Duvessa
  2750 | D:4      | Noticed Dowan
  2756 | D:4      | Reached XP level 6. HP: 38/38 MP: 6/6
  2780 | D:4      | Killed Duvessa
  2784 | D:4      | Killed from afar by an orc priest

Skill      XL: |  1  2  3  4  5  6 |
---------------+-------------------+-----
Short Blades   | 2 3 |  3.6
Stealth        | 1 2 |  2.8
Dodging        | 1 2 |  2.5
Armour         | 4 |  4.2
Fighting       | 4 |  4.1
Shields        | |  3.2

Action                   |  1- 3 |  4- 6 || total
-------------------------+-------+-------++-------
Melee: Rapier            |   129 |    82 ||   211
       Dagger            |       |    90 ||    90
  Use: Scroll            |       |     4 ||     4
       Potion            |       |     2 ||     2
  Eat: Chunk             |       |     6 ||     6
Armor: Scale mail        |   122 |   102 ||   224
Dodge: Dodged            |    77 |   100 ||   177
